EVO
OHIO STATE UNIVERSITY BUCKEYES @ UNIVERSITY OF MICHIGAN WOLVERINES
11/05/2048
 
TOP OF THE 1ST
Ohio State University Buckeyes batting - Pitching for Washington State University Cougars : RHP Ty Misner
Pitching: RHP Ty Misner
Batting: RHB Mike Tarantino 0-0: Called Strike
0-1: Fly out, F9 (Flyball, 9, EV 90.0 MPH)
Batting: LHB Adam Simpson 0-0: Ball
1-0: Foul Ball, location: 2F
1-1: Called Strike
1-2: Ball
2-2: Foul Ball, location: 2F
2-2: Fly out, F3 (Line Drive, 3, EV 70.6 MPH)
Batting: RHB Tristan Gimple 0-0: Ball
1-0: Foul Ball, location: 2F
1-1: Ball
2-1: DOUBLE (Flyball, 89XD, EV 100.0 MPH)
Batting: LHB Tony Abascal 0-0: Swinging Strike
0-1: Hit by Pitch
Batting: LHB Anthony Ross 0-0: Ball
1-0: Called Strike
1-1: Foul Ball, location: 2F
1-2: Ball
2-2: Ball
3-2: Foul Ball, location: 2F
3-2: Base on Balls
Tristan Gimple to third
Tony Abascal to second
Batting: RHB Masatoshi Mori 0-0: Reached on error, E9 (Flyball, 9LS, EV 79.4 MPH)
Tristan Gimple scores
Tony Abascal scores
Anthony Ross to third
Batting: RHB David Guillen 0-0: Ball
1-0: Foul Ball, location: 2F
1-1: Foul Ball, location: 2F
1-2: Ball
2-2: Foul Ball, location: 2F
2-2: Ball
3-2: Foul Ball, location: 2F
3-2: Ground out 5-3 (Groundball, 56S, EV 85.0 MPH)
Top of the 1st over - 2 runs, 1 hit, 1 error, 2 left on base; Ohio State University 2 - Washington State University 0
BOTTOM OF THE 1ST
Washington State University Cougars batting - Pitching for Ohio State University Buckeyes : RHP Eric Long
Pitching: RHP Eric Long
Batting: LHB David Jackson 0-0: Ball
1-0: Ground out U3 (Groundball, 3L, EV 95.0 MPH)
Batting: RHB Rafael Collyer 0-0: Called Strike
0-1: Ball
1-1: Ball
2-1: Foul Ball, location: 2F
2-2: Ball
3-2: Strikes out looking
Batting: LHB Scott Spillers 0-0: Ground out 4-3 (Groundball, 4, EV 108.8 MPH)
Bottom of the 1st over - 0 runs, 0 hits, 0 errors, 0 left on base; Ohio State University 2 - Washington State University 0
TOP OF THE 2ND
Ohio State University Buckeyes batting - Pitching for Washington State University Cougars : RHP Ty Misner
Batting: RHB Bo Wu 0-0: Ground out 5-3 (Groundball, 15, EV 81.2 MPH)
Batting: RHB Bill Daniel 0-0: Ball
1-0: Called Strike
1-1: Ball
2-1: Ground out 5-3 (Groundball, 56, EV 108.1 MPH)
Batting: RHB Mike Tarantino 0-0: Ball
1-0: Fly out, F9 (Flyball, 9, EV 78.8 MPH)
Top of the 2nd over - 0 runs, 0 hits, 0 errors, 0 left on base; Ohio State University 2 - Washington State University 0
BOTTOM OF THE 2ND
Washington State University Cougars batting - Pitching for Ohio State University Buckeyes : RHP Eric Long
Batting: SHB Juan Delanoval 0-0: Called Strike
0-1: Swinging Strike
0-2: Ball
1-2: Strikes out swinging
Batting: LHB Israel Ariza 0-0: Fly out, F4 (Popup, 34S, EV 81.9 MPH)
Batting: RHB Wil Gonzales 0-0: SINGLE (Groundball, 56S, EV 70.0 MPH) (infield hit)
Batting: LHB Rex Creswell 0-0: Called Strike
0-1: Swinging Strike
0-2: Ball
1-2: Ball
2-2: Foul Ball, location: 2F
2-2: Foul Ball, location: 2F
2-2: Foul Ball, location: 2F
2-2: Foul Ball, location: 2F
2-2: Strikes out looking
Bottom of the 2nd over - 0 runs, 1 hit, 0 errors, 1 left on base; Ohio State University 2 - Washington State University 0
TOP OF THE 3RD
Ohio State University Buckeyes batting - Pitching for Washington State University Cougars : RHP Ty Misner
Batting: LHB Adam Simpson 0-0: Ball
1-0: Foul Ball, location: 2F
1-1: Ball
2-1: Swinging Strike
2-2: DOUBLE (Line Drive, 5D, EV 96.2 MPH)
Batting: RHB Tristan Gimple 0-0: Ball
1-0: Ball
2-0: Called Strike
2-1: Ball
3-1: Foul Ball, location: 2F
3-2: Ground out 4-3 (Groundball, 4, EV 87.5 MPH)
Adam Simpson to third
Batting: LHB Tony Abascal 0-0: Called Strike
0-1: Foul Ball, location: 2F
0-2: Ball
1-2: Foul Ball, location: 2F
1-2: Ball
2-2: Foul Ball, location: 2F
2-2: Foul Ball, location: 2F
2-2: Ground out 4-3 (Groundball, 4S, EV 75.0 MPH)
Adam Simpson scores
Batting: LHB Anthony Ross 0-0: Foul Ball, location: 2F
0-1: Called Strike
0-2: Ball
1-2: Ball
2-2: Foul Ball, location: 2F
2-2: Ball
3-2: Ground out U3 (Groundball, 34, EV 79.4 MPH)
Top of the 3rd over - 1 run, 1 hit, 0 errors, 0 left on base; Ohio State University 3 - Washington State University 0
BOTTOM OF THE 3RD
Washington State University Cougars batting - Pitching for Ohio State University Buckeyes : RHP Eric Long
Batting: RHB Ryan Toth 0-0: Called Strike
0-1: Ball
1-1: Ground out 4-3 (Groundball, 4, EV 88.1 MPH)
Batting: RHB Joe Weber 0-0: Called Strike
0-1: Ball
1-1: Foul Ball, location: 2F
1-2: Ball
2-2: Ground out 4-3 (Groundball, 4, EV 88.1 MPH)
Batting: LHB David Jackson 0-0: Fly out, F8 (Flyball, 89D, EV 106.2 MPH)
Bottom of the 3rd over - 0 runs, 0 hits, 0 errors, 0 left on base; Ohio State University 3 - Washington State University 0
TOP OF THE 4TH
Ohio State University Buckeyes batting - Pitching for Washington State University Cougars : RHP Ty Misner
Batting: RHB Masatoshi Mori 0-0: Called Strike
0-1: Ball
1-1: Foul Ball, location: 2F
1-2: Strikes out swinging
Batting: RHB David Guillen 0-0: Foul Ball, location: 2F
0-1: Ball
1-1: Ball
2-1: Swinging Strike
2-2: Ball
3-2: Fly out, F7 (Flyball, 7, EV 90.0 MPH)
Batting: RHB Bo Wu 0-0: Called Strike
0-1: SINGLE (Groundball, 34D, EV 98.1 MPH)
Batting: RHB Bill Daniel 0-0: Called Strike
0-1: Swinging Strike
0-2: Foul Ball, location: 2F
0-2: Strikes out swinging
Top of the 4th over - 0 runs, 1 hit, 0 errors, 1 left on base; Ohio State University 3 - Washington State University 0
BOTTOM OF THE 4TH
Washington State University Cougars batting - Pitching for Ohio State University Buckeyes : RHP Eric Long
Batting: RHB Rafael Collyer 0-0: Ball
1-0: Foul Ball, location: 2F
1-1: Swinging Strike
1-2: Ground out U3 (Groundball, 13, EV 92.5 MPH)
Batting: LHB Scott Spillers 0-0: Ball
1-0: Ball
2-0: Called Strike
2-1: SINGLE (Groundball, 6D, EV 100.0 MPH)
Batting: SHB Juan Delanoval 0-0: Called Strike
0-1: SINGLE (Line Drive, 8RS, EV 105.6 MPH)
Scott Spillers to second
Batting: LHB Israel Ariza 0-0: 3-RUN HOME RUN (Flyball, 7LD, EV 95.0 MPH), Distance : 365 ft
Batting: RHB Wil Gonzales 0-0: Ball
1-0: Called Strike
1-1: Called Strike
1-2: Strikes out swinging
Batting: LHB Rex Creswell 0-0: Foul Ball, location: 2F
0-1: Called Strike
0-2: Ball
1-2: Ball
2-2: Foul Ball, location: 2F
2-2: Foul Ball, location: 2F
2-2: Foul Ball, location: 2F
2-2: SINGLE (Line Drive, 89S, EV 100.0 MPH)
Batting: RHB Ryan Toth 0-0: Ball
1-0: Ball
2-0: Called Strike
2-1: Fly out, F8 (Flyball, 8LM, EV 93.1 MPH)
Bottom of the 4th over - 3 runs, 4 hits, 0 errors, 1 left on base; Ohio State University 3 - Washington State University 3
TOP OF THE 5TH
Ohio State University Buckeyes batting - Pitching for Washington State University Cougars : RHP Ty Misner
Batting: RHB Mike Tarantino 0-0: Ball
1-0: SINGLE (Line Drive, 89S, EV 103.1 MPH)
Pitching: RHP Jose Flores
Batting: LHB Adam Simpson 0-0: Ball
1-0: Sac Bunt to 13S - play at first, batter OUT! 1-3
Mike Tarantino to second
Batting: RHB Tristan Gimple 0-0: Called Strike
0-1: Ball
1-1: Fly out, F9 (Flyball, 9D, EV 101.9 MPH)
Runner from 2nd tags up, SAFE at 3rd, no throw by RF
Batting: LHB Tony Abascal 0-0: Ball
1-0: Called Strike
1-1: Ball
2-1: Called Strike
2-2: Ball
3-2: SINGLE (Groundball, 4MD, EV 103.8 MPH)
Mike Tarantino scores
Batting: LHB Anthony Ross 0-0: Called Strike
0-1: Called Strike
0-2: Ball
1-2: Strikes out looking
Top of the 5th over - 1 run, 2 hits, 0 errors, 1 left on base; Ohio State University 4 - Washington State University 3
BOTTOM OF THE 5TH
Washington State University Cougars batting - Pitching for Ohio State University Buckeyes : RHP Eric Long
Batting: RHB Joe Weber 0-0: Ball
1-0: Called Strike
1-1: SINGLE (Groundball, 6D, EV 98.1 MPH)
Batting: LHB David Jackson 0-0: Ball
Wild Pitch!
Joe Weber to second
1-0: Ball
2-0: Ball
3-0: Called Strike
3-1: Ground out 6-3 (Groundball, 6, EV 78.8 MPH)
Batting: RHB Rafael Collyer 0-0: Ball
1-0: Ball
2-0: TRIPLE (Flyball, 78XD, EV 95.6 MPH)
Joe Weber scores
Batting: LHB Scott Spillers 0-0: Called Strike
0-1: Ball
1-1: Ball
2-1: Foul Ball, location: 2F
2-2: Strikes out looking
Batting: SHB Juan Delanoval 0-0: Called Strike
0-1: Ball
1-1: Foul Ball, location: 2F
1-2: Ball
2-2: Ball
3-2: Base on Balls
Pitching: RHP Harry Jerome
Batting: LHB Israel Ariza 0-0: Swinging Strike
0-1: Fly out, F9 (Flyball, 89M, EV 84.4 MPH)
Bottom of the 5th over - 1 run, 2 hits, 0 errors, 2 left on base; Ohio State University 4 - Washington State University 4
TOP OF THE 6TH
Ohio State University Buckeyes batting - Pitching for Washington State University Cougars : RHP Jose Flores
Batting: RHB Masatoshi Mori 0-0: Ball
1-0: Called Strike
1-1: Foul Ball, location: 2F
1-2: Ball
2-2: Strikes out swinging
Batting: RHB David Guillen 0-0: Ball
1-0: Ball
2-0: Called Strike
2-1: Ball
3-1: Base on Balls
Batting: RHB Bo Wu 0-0: Foul Ball, location: 2F
0-1: Ball
1-1: Ball
2-1: Fly out, F8 (Flyball, 8RD, EV 81.9 MPH)
Pitching: RHP Jim Burbidge
Batting: RHB Bill Daniel 0-0: Called Strike
0-1: Fielders Choice at 2nd, 6-4 (Groundball, 6, EV 104.4 MPH)
Top of the 6th over - 0 runs, 0 hits, 0 errors, 1 left on base; Ohio State University 4 - Washington State University 4
BOTTOM OF THE 6TH
Washington State University Cougars batting - Pitching for Ohio State University Buckeyes : RHP Harry Jerome
Batting: RHB Wil Gonzales 0-0: Ball
1-0: Ball
2-0: Ball
3-0: Called Strike
3-1: Foul Ball, location: 2F
3-2: Foul Ball, location: 2F
3-2: Foul Ball, location: 2F
3-2: Ground out 5-3 (Groundball, 5L, EV 84.4 MPH)
Batting: LHB Rex Creswell 0-0: Swinging Strike
0-1: Called Strike
0-2: Ball
1-2: Foul Ball, location: 2F
1-2: Foul Ball, location: 2F
1-2: Ball
2-2: Ball
3-2: Base on Balls
Batting: RHB Ryan Toth 0-0: Foul Ball, location: 2F
0-1: Called Strike
0-2: Foul Ball, location: 2F
0-2: Foul Ball, location: 2F
0-2: Strikes out swinging
Batting: RHB Joe Weber 0-0: Called Strike
0-1: Foul Ball, location: 2F
0-2: Fly out, F4 (Popup, 4D, EV 55.0 MPH)
Bottom of the 6th over - 0 runs, 0 hits, 0 errors, 1 left on base; Ohio State University 4 - Washington State University 4
TOP OF THE 7TH
Ohio State University Buckeyes batting - Pitching for Washington State University Cougars : RHP Jim Burbidge
Batting: RHB Mike Tarantino 0-0: Ball
1-0: Ball
2-0: Ball
3-0: Base on Balls
Batting: LHB Adam Simpson 0-0: Ball
1-0: Bunted foul
1-1: Sac Bunt to 23 - play at first, batter OUT! 3-4
Mike Tarantino to second
Batting: RHB Tristan Gimple 0-0: Ball
1-0: Ball
2-0: Ball
3-0: Called Strike
3-1: Base on Balls
Pitching: LHP Scott Bradley
Batting: LHB Tony Abascal 0-0: Ball
1-0: Ball
2-0: Swinging Strike
2-1: Foul Ball, location: 2F
2-2: Ball
3-2: Base on Balls
Mike Tarantino to third
Tristan Gimple to second
Batting: LHB Anthony Ross 0-0: Ball
1-0: Ball
2-0: Called Strike
2-1: Fly out, F9 (Flyball, 9, EV 86.2 MPH)
Runner from 3rd tags up, SCORES, no throw by RF
Pitching: RHP Bob Donovan
Batting: RHB Masatoshi Mori 0-0: Called Strike
0-1: Fielders Choice at 2nd, 6-4 (Groundball, 6, EV 86.9 MPH)
Top of the 7th over - 1 run, 0 hits, 0 errors, 2 left on base; Ohio State University 5 - Washington State University 4
BOTTOM OF THE 7TH
Washington State University Cougars batting - Pitching for Ohio State University Buckeyes : RHP Harry Jerome
Pitching: RHP Jason Kaufman
Batting: LHB David Jackson 0-0: Fly out, F7 (Flyball, 78M, EV 83.8 MPH)
Batting: RHB Rafael Collyer 0-0: Called Strike
0-1: SOLO HOME RUN (Flyball, 7LD, EV 91.9 MPH), Distance : 346 ft
Batting: LHB Scott Spillers 0-0: Ball
1-0: Fly out, F9 (Line Drive, 9S, EV 93.8 MPH)
Batting: SHB Juan Delanoval 0-0: Ball
1-0: Ball
2-0: Called Strike
2-1: Called Strike
2-2: Foul Ball, location: 2F
2-2: Ball
3-2: Ground out U3 (Groundball, 34S, EV 80.0 MPH)
Bottom of the 7th over - 1 run, 1 hit, 0 errors, 0 left on base; Ohio State University 5 - Washington State University 5
TOP OF THE 8TH
Ohio State University Buckeyes batting - Pitching for Washington State University Cougars : RHP Bob Donovan
Batting: RHB David Guillen 0-0: Ball
1-0: Fly out, F7 (Line Drive, 7S, EV 89.4 MPH)
Batting: RHB Bo Wu 0-0: Ball
1-0: Foul Ball, location: 2F
1-1: Foul Ball, location: 2F
1-2: Foul Ball, location: 2F
1-2: DOUBLE (Line Drive, 8LXD, EV 103.8 MPH)
Pinch Hitting: RHB Jacob Carrano 0-0: Intentional Walk
Batting: RHB Mike Tarantino 0-0: Ball
1-0: Ball
2-0: DOUBLE (Line Drive, 8LD, EV 96.2 MPH)
Bo Wu scores
Jacob Carrano to third
Batting: LHB Adam Simpson 0-0: Ball
1-0: Ground out U3 (Groundball, 3, EV 88.8 MPH)
Batting: RHB Tristan Gimple 0-0: Ball
1-0: Called Strike
1-1: Ball
2-1: Foul Ball, location: 2F
2-2: Ball
3-2: Foul Ball, location: 2F
3-2: Strikes out swinging
Top of the 8th over - 1 run, 2 hits, 0 errors, 2 left on base; Ohio State University 6 - Washington State University 5
BOTTOM OF THE 8TH
Washington State University Cougars batting - Pitching for Ohio State University Buckeyes : RHP Jason Kaufman
Pitching: RHP Leonidas Panagopoulos
Now at C: Josh Dinsmore
Batting: LHB Israel Ariza 0-0: Ball
1-0: SINGLE (Flyball, 89M, EV 94.4 MPH)
Batting: RHB Wil Gonzales 0-0: Hit by Pitch
Israel Ariza to second
Batting: LHB Rex Creswell 0-0: Grounds out, U3 (Groundball, 3L, EV 102.5 MPH)
Israel Ariza to third
Batting: RHB Ryan Toth 0-0: Ball
1-0: Foul Ball, location: 2F
1-1: Called Strike
1-2: SINGLE (Groundball, 34, EV 107.5 MPH)
Israel Ariza scores
Wil Gonzales to third
Batting: RHB Joe Weber 0-0: Fly out, F8 (Flyball, 8RD, EV 76.9 MPH)
Runner from 3rd tags up, OUT at HOME! 8-2
Bottom of the 8th over - 1 run, 2 hits, 0 errors, 1 left on base; Ohio State University 6 - Washington State University 6
TOP OF THE 9TH
Ohio State University Buckeyes batting - Pitching for Washington State University Cougars : RHP Bob Donovan
Pitching: RHP Arthur Scholten
Batting: LHB Tony Abascal 0-0: Ground out 4-3 (Groundball, 4M, EV 90.0 MPH)
Batting: LHB Anthony Ross 0-0: Called Strike
0-1: Swinging Strike
0-2: Ball
1-2: Ball
2-2: SINGLE (Groundball, 34D, EV 101.9 MPH)
Batting: RHB Masatoshi Mori 0-0: Swinging Strike
Anthony Ross is caught stealing 2nd base 2-4
0-1: Called Strike
0-2: Ball
1-2: Ball
2-2: Strikes out looking
Top of the 9th over - 0 runs, 1 hit, 0 errors, 0 left on base; Ohio State University 6 - Washington State University 6
BOTTOM OF THE 9TH
Washington State University Cougars batting - Pitching for Ohio State University Buckeyes : RHP Leonidas Panagopoulos
Pitching: RHP Neville MacDonald
Batting: LHB David Jackson 0-0: Fly out, F8 (Flyball, 8RD, EV 87.5 MPH)
Batting: RHB Rafael Collyer 0-0: Ball
1-0: Fly out, F1 (Line Drive, P, EV 68.8 MPH)
Batting: LHB Scott Spillers 0-0: Ball
1-0: Ball
2-0: Called Strike
2-1: SINGLE (Line Drive, 9S, EV 104.4 MPH)
Batting: SHB Juan Delanoval 0-0: Swinging Strike
0-1: Ball
1-1: Foul Ball, location: 2F
1-2: Fly out, F7 (Flyball, 7LM, EV 105.6 MPH)
Bottom of the 9th over - 0 runs, 1 hit, 0 errors, 1 left on base; Ohio State University 6 - Washington State University 6
TOP OF THE 10TH
Ohio State University Buckeyes batting - Pitching for Washington State University Cougars : RHP Arthur Scholten
Batting: RHB David Guillen 0-0: Swinging Strike
0-1: Ball
1-1: Swinging Strike
1-2: Ball
2-2: Ball
3-2: Foul Ball, location: 2F
3-2: Strikes out looking
Batting: RHB Bo Wu 0-0: Called Strike
0-1: Ball
1-1: SINGLE (Line Drive, 8LS, EV 96.9 MPH)
Pitching: RHP Randolph Batten
Batting: RHB Josh Dinsmore 0-0: Called Strike
Bo Wu steals 2nd base
0-1: Fly out, F7 (Flyball, 78S, EV 88.8 MPH)
Batting: RHB Mike Tarantino 0-0: Ball
1-0: Ball
2-0: Ground out 4-3 (Groundball, 4M, EV 85.6 MPH)
Top of the 10th over - 0 runs, 1 hit, 0 errors, 1 left on base; Ohio State University 6 - Washington State University 6
BOTTOM OF THE 10TH
Washington State University Cougars batting - Pitching for Ohio State University Buckeyes : RHP Neville MacDonald
Pitching: RHP Danny Arnold
Batting: LHB Israel Ariza 0-0: SOLO HOME RUN (Flyball, 9LD, EV 92.5 MPH), Distance : 338 ft
Bottom of the 10th over - 1 run, 1 hit, 0 errors, 0 left on base; Ohio State University 6 - Washington State University 7
Tuesday, March 28th , 2023 - OOTP Baseball 23.10 Build 110